 Dungeon Crawl Stone Soup version 0.20.1-1-g8b1a95d (webtiles) character file.

238 empire the Digger (level 5, 0/57 HPs)
             Began as a Demigod Earth Elementalist on Oct 2, 2017.
             Slain by a ball python (1 damage)
             ... on level 4 of the Dungeon.
             The game lasted 00:06:39 (1997 turns).

empire the Digger (Demigod Earth Elementalist)      Turns: 1997, Time: 00:06:40

Health: 0/57       AC: 22    Str: 11    XL:     5   Next: 49%
Magic:  7/12       EV: -1    Int: 26    God:
Gold:   121        SH:  0    Dex: 16    Spells: 6/10 levels left

rFire    + . .     SeeInvis .   b - +1 dagger (speed)
rCold    . . .     Gourm    .   (no shield)
rNeg     + + +     Faith    .   (armour currently unavailable)
rPois    +         Spirit   .   (helmet currently unavailable)
rElec    .         Reflect  .   (cloak currently unavailable)
rCorr    .         Harm     .   (gloves currently unavailable)
MR       .....     NoTele   +   (boots currently unavailable)
Stlth    ++........             (no amulet)
Regen    0.2/turn               j - ring of protection from fire
MPRegen  0.2/turn               (no ring)

@: brilliant, tree-form, constricted
A: high mp 1
a: no special abilities


You were on level 4 of the Dungeon.
You were very hungry.
You were a tree.
You visited 1 branch of the dungeon, and saw 4 of its levels.

You collected 121 gold pieces.

Inventory:

Hand Weapons
 a - a +1 dagger
 b - a +1 dagger of speed (weapon)
 s - a +0 dagger of freezing
 y - a +2 quarterstaff of protection
Missiles
 k - 9 stones (quivered)
Armour
 c - a +0 robe (melded)
Jewellery
 j - a ring of protection from fire (left branch)
 v - a +3 ring of slaying {unknown}
Wands
 p - a wand of acid (7/15)
Scrolls
 n - a scroll of amnesia
 o - 2 scrolls of remove curse
 u - a scroll of teleportation {unknown}
 w - a scroll of identify
Potions
 m - a potion of mutation {unknown}
 q - a potion of magic {unknown}
 t - a potion of agility {unknown}
 x - a potion of might {unknown}
Books
 e - a book of Geomancy

   Spells                             Type                      Level
   a - Sandblast                      Earth                        1
   b - Passwall                       Transmutation/Earth          2
   c - Stone Arrow                    Conjuration/Earth            3
   d - Petrify                        Transmutation/Earth          4
   e - Lee's Rapid Deconstruction     Earth                        5
 g - a book of Misfortune

   Spells                             Type                      Level
   a - Confusing Touch                Hexes                        1
   b - Confuse                        Hexes                        3
   c - Gell's Gravitas                Translocation                3
   d - Petrify                        Transmutation/Earth          4
   e - Metabolic Englaciation         Hexes/Ice                    5
   f - Yara's Violent Unravelling     Hexes/Transmutation          5
Comestibles
 d - 3 bread rations
 i - 6 fruits
 l - 4 meat rations
 r - a royal jelly


   Skills:
 - Level 1.7 Dodging
 - Level 1.7 Stealth
 - Level 3.0 Spellcasting
 + Level 3.6 Conjurations
   Level 0.8 Transmutations
 - Level 3.6 Earth Magic


You had 6 spell levels left.
You knew the following spells:

 Your Spells              Type           Power        Failure   Level  Hunger
a - Sandblast             Erth           #####.       1%          1    None
b - Stone Arrow           Conj/Erth      #####.       1%          3    ###....


Dungeon Overview and Level Annotations

Branches:
Dungeon (4/15)
 Temple: D:4-7

Portals:
Sewer: D:4


Innate Abilities, Weirdness & Mutations

You have an increased reservoir of magic. (+10% MP)


Message History

* * * LOW HITPOINT WARNING * * *
The ball python bites you.
* * * LOW HITPOINT WARNING * * *
x2 The ball python constricts you.
The gnoll hits you with an enchanted whip!
* * * LOW HITPOINT WARNING * * *
The bat hits you.
* * * LOW HITPOINT WARNING * * *
Unknown command.
You turn into a tree.
Your +0 robe melds into your body.
Your roots penetrate the ground.
The net rips apart!
The bat hits you but does no damage. x3
The ball python bites you but does no damage.
The ball python constricts you. The gnoll hits you but does no damage.
The gnoll splashes around in the water.
Unknown command.
It was a potion of brilliance.
You feel clever all of a sudden.
The bat hits you but does no damage. x3; The ball python bites you.
You die...

*****,*******,*
,,,,,,*,,,,,..#######**
*,,,,,,,**#≈,.......,,#
**********#.*#≈≈≈≈≈#*.#
*,,,,,,,,*#.##≈≈≈≈≈##.#
********,*#.≈≈.$...≈≈.#
*,,,* *.##.≈≈.....≈≈.#
***,* *,.....b.∩..≈≈.#
***,* **#.≈≈≈..♣b.≈≈.#
,,,,* #..≈≈..Sg.≈≈≈#
,,,,* ###..##≈≈wg≈##.#
**,** #....##≈g.≈≈##.#
*,* #..............#
*,*####.......#.######
**,*#..'....(....#
,,,*#.##.......###
#####.##.......#


You could see a worm, 3 gnolls, 2 bats and a ball python.

Vanquished Creatures
  A phantom (D:4)
  Jessica (D:2)
  3 adders
  3 oozes
  2 dart slugs (D:2)
  3 leopard geckos
  5 orcs
  4 giant cockroaches
  5 hobgoblins
  7 kobolds
  4 ball pythons
  10 bats
  4 frilled lizards
  6 goblins
  8 rats
66 creatures vanquished.

Notes
Turn   | Place    | Note
-------+----------+-------------------------------------------
     0 | D:1      | empire the Demigod Earth Elementalist began the quest for the Orb.
     0 | D:1      | Reached XP level 1. HP: 14/14 MP: 5/5
    58 | D:1      | Reached XP level 2. HP: 17/20 MP: 0/7
   596 | D:2      | Reached XP level 3. HP: 26/26 MP: 6/9
   925 | D:2      | Learned a level 3 spell: Stone Arrow
  1119 | D:2      | Found a shadowy altar of Dithmenos.
  1126 | D:2      | Found a burning altar of Makhleb.
  1193 | D:2      | Noticed Jessica
  1206 | D:2      | Killed Jessica
  1206 | D:2      | Reached skill level 1 in Conjurations
  1206 | D:2      | Reached XP level 4. HP: 26/33 MP: 8/11
  1297 | D:3      | Found a faded altar of an unknown god.
  1573 | D:3      | Found a shattered altar of Ashenzari.
  1929 | D:4      | Noticed a phantom
  1955 | D:4      | Killed a phantom
  1955 | D:4      | Reached XP level 5. HP: 31/38 MP: 3/12
  1986 | D:4      | Found a glowing drain.
  1995 | D:4      | HP: 1/38 [bat (1)]
  1997 | D:4      | Slain by a ball python

Skill      XL: |  1  2  3  4 |
---------------+-------------+-----
Spellcasting   | 2 3 |  3.0
Earth Magic    | 3 |  3.6
Conjurations   | 1 3 |  3.6
Dodging        | |  1.7
Stealth        | |  1.7
Transmutations | |  0.8

Action                   |  1- 3 |  4- 6 || total
-------------------------+-------+-------++-------
Melee: Dagger            |    58 |     5 ||    63
 Cast: Sandblast         |    50 |    35 ||    85
  Use: Scroll            |     4 |     3 ||     7
       Potion            |       |     2 ||     2
 Stab: Sleeping          |     4 |       ||     4
  Eat: Chunk             |     1 |     1 ||     2
Armor: Robe              |    13 |     9 ||    22
       Skin              |       |     8 ||     8
Dodge: Dodged            |    48 |    48 ||    96
